 Dungeon Crawl Stone Soup version 0.20.1-1-g8b1a95d (webtiles) character file.

119 HuneSparrow the Skirmisher (level 4, -9/37 HPs)
             Began as a Demonspawn Fighter on Oct 8, 2017.
             Mangled by a sun demon (16 damage)
             ... summoned by a kobold demonologist
             ... on level 3 of the Dungeon.
             The game lasted 00:05:12 (2609 turns).

HuneSparrow the Skirmisher (Demonspawn Fighter)     Turns: 2609, Time: 00:05:12

Health: -9/37      AC: 13    Str: 17    XL:     4   Next: 73%
Magic:  0/4        EV:  2    Int: 10    God:
Gold:   147        SH:  9    Dex: 12    Spells: 3/3 levels left

rFire    . . .     SeeInvis .   a - +0 long sword
rCold    . . .     Gourm    .   c - +0 shield
rNeg     . . .     Faith    .   k - +0 plate armour
rPois    .         Spirit   +   (no helmet)
rElec    .         Reflect  .   (no cloak)
rCorr    .         Harm     .   (no gloves)
MR       .....                  (no boots)
Stlth    ..........             (no amulet)
Regen    0.2/turn               (no ring)
MPRegen  0.1/turn               (no ring)

@: no status effects
A: yellow scales 1, magic shield
a: no special abilities


You were on level 3 of the Dungeon.
You were not hungry.

You visited 1 branch of the dungeon, and saw 3 of its levels.

You collected 147 gold pieces.

Inventory:

Hand Weapons
 a - a +0 long sword (weapon)
Armour
 b - a +0 scale mail
 c - a +0 shield (worn)
 k - a +0 plate armour (worn)
Jewellery
 w - an uncursed amulet of guardian spirit {unknown}
Wands
 x - a wand of lightning (7/15)
Scrolls
 g - a scroll of remove curse {unknown}
 h - a scroll of random uselessness {unknown}
 i - 3 scrolls of fog {unknown}
 m - a scroll of magic mapping {unknown}
 n - a scroll of identify {unknown}
 o - a scroll of recharging {unknown}
 r - a scroll of teleportation {unknown}
 s - 2 scrolls of blinking {unknown}
Potions
 d - 5 potions of might
 e - 5 potions of curing {unknown}
 p - a potion of degeneration {unknown}
 q - 2 potions of haste {unknown}
 t - a potion of flight {unknown}
 u - a potion of resistance {unknown}
 v - a potion of heal wounds {unknown}
Comestibles
 f - 2 bread rations
 l - 2 meat rations


   Skills:
 + Level 3.7 Fighting
 * Level 3.1 Long Blades
 + Level 3.1 Armour
 + Level 3.2 Shields


You had 3 spell levels left.
You didn't know any spells.

Dungeon Overview and Level Annotations

Branches:
Dungeon (3/15)

Altars:
Sif Muna
Xom

Annotations:
D:3 1 transporter


Innate Abilities, Weirdness & Mutations

You are partially covered in yellow scales. (AC +2)
When hurt, damage is shared between your health and your magic reserves.


Message History

You enter the shallow water.
Moving in this stuff is going to be slow.
The shadow imp grinds its teeth.
The shadow imp gestures at you. Pain shoots through your body!
The kobold demonologist mumbles some strange words.
The shadow imp gestures at you. Pain shoots through your body!
The kobold demonologist casts a spell.
The shadow imp gestures at you. Pain shoots through your body!
The shadow imp shouts, "Slither away, thou fulsome sheep-biting serf!"
The shadow imp gestures at you. Pain shoots through your body!
* * * LOW HITPOINT WARNING * * *
The iron imp hits you but does no damage.
The sun demon hits you.
* * * LOW HITPOINT WARNING * * *
You are engulfed in flames!
You die...

....##.#
#.#8P...P8#..######....
..####.#
#.#P.....P#..##...+.... ..#
#.####.####'####..##.###....
..#
#....#.#.≈...≈.#.....(......
..#
####.#.#5≈...≈.#.......[....
..#
#...#.#o≈≈≈≈≈.#............
..#
###'###.#.≈5⌠≈≈5#......###.#.
..#
#..)..#.#K≈≈3≈≈.#..#.....#.#.
..#
#.....#.#5≈.@.≈5#..#####.#.#.
#####.....#.#.≈...≈.#..#
#.#.#.
#........#.####+####..#
#.#.##
#........#.#≈..)..≈#..##
#.#.##
#.......##.#8P$©$P8#...#
#.#.##
#.....'###.#########.#.#
#.#.## ##.....'#
#...........#.# #.#.##
.......########...#####.##
#.#... ...................#
#..# #.#...


You could see a sun demon, a kobold demonologist, an iron imp, an orc priest and
4 shadow imps.

Vanquished Creatures
  A bullfrog zombie (D:3)
  2 adders (D:2)
  A worm (D:2)
  2 dart slugs
  4 leopard geckos
  2 orcs (D:3)
  3 bats
  4 giant cockroaches
  4 goblins
  7 hobgoblins
  4 jackals (D:2)
  5 kobolds
  2 quokkas
  A ball python (D:3)
  3 frilled lizards (D:2)
  9 rats
54 creatures vanquished.

Notes
Turn   | Place    | Note
-------+----------+-------------------------------------------
     0 | D:1      | HuneSparrow the Demonspawn Fighter began the quest for the Orb.
     0 | D:1      | Reached XP level 1. HP: 18/18 MP: 1/1
   263 | D:1      | Gained mutation: You are partially covered in yellow scales. (AC +2) [demonic ancestry]
   263 | D:1      | Reached XP level 2. HP: 11/24 MP: 2/2
   440 | D:1      | Found a shimmering altar of Xom.
   480 | D:1      | You fall through a shaft!
   970 | D:2      | Gained mutation: When hurt, damage is shared between your health and your magic reserves. [demonic ancestry]
   970 | D:2      | Reached XP level 3. HP: 17/29 MP: 3/3
  1972 | D:2      | Reached XP level 4. HP: 34/35 MP: 4/4
  2148 | D:3      | Found a transporter.
  2151 | D:3      | Found a transporter.
  2165 | D:3      | Noticed a kobold demonologist
  2511 | D:3      | Found a deep blue altar of Sif Muna.
  2607 | D:3      | Noticed a sun demon
  2609 | D:3      | Mangled by a sun demon

Skill      XL: |  1  2  3  4 |
---------------+-------------+-----
Long Blades    | 2 3 |  3.1
Armour         | 3 |  3.1
Shields        | 3 |  3.2
Fighting       | |  3.7

Action                   |  1- 3 |  4- 6 || total
-------------------------+-------+-------++-------
Melee: Long sword        |   178 |    62 ||   240
  Eat: Chunk             |     4 |     2 ||     6
Armor: Scale mail        |    18 |       ||    18
       Plate armour      |   113 |    46 ||   159
Dodge: Dodged            |    21 |     2 ||    23
Block: Shield            |    72 |    28 ||   100
       Rpst.: Long sword |     7 |     1 ||     8
